 Dungeon Crawl Stone Soup version 0.28-a0-861-ge64d6db94f (webtiles) character file.

Game seed: 3497407127577451047

0 meatgazer the Skirmisher (level 1, -6/18 HPs)
             Began as a Demonspawn Abyssal Knight on Nov 15, 2021.
             Was a Follower of Lugonu.
             Mangled by an orange demon (12 damage)
             ... on level 2 of the Abyss.
             The game lasted 00:00:33 (131 turns).

meatgazer the Skirmisher (Demonspawn Abyssal Knight) Turns: 131, Time: 00:00:34

Health: -6/18      AC:  3    Str: 13    XL:     1   Next: 0%
Magic:  2/2        EV: 11    Int: 11    God:    Lugonu [*.....]
Gold:   0          SH:  0    Dex: 13    Spells: 0/0 levels left

rFire   . . .      SeeInvis .   a - +1 spear
rCold   . . .      Faith    .   (no shield)
rNeg    . . .      Spirit   .   b - +0 leather armour
rPois   .          Reflect  .   (no helmet)
rElec   .          Harm     .   (no cloak)
rCorr   .          Rampage  .   (no gloves)
Will    .....                   (no boots)
Stlth   +.........              (no amulet)
HPRegen 0.06/turn               (no ring)
MPRegen 0.08/turn               (no ring)

@: no status effects
A: no striking features
a: Renounce Religion, Depart the Abyss


You were on level 2 of the Abyss.
You worshipped Lugonu.
Lugonu was aware of your devotion.
You visited 0 branches of the dungeon, and saw 0 of its levels.
You visited the Abyss 1 time.

Inventory:

Hand Weapons
 a - a +1 spear (weapon)
Armour
 b - a +0 leather armour (worn)


   Skills:
 + Level 3.0 Fighting
 + Level 1.7 Polearms
 + Level 1.7 Armour
 + Level 0.8 Dodging
 + Level 2.4 Invocations


You couldn't memorise any spells.
You didn't know any spells.
Your spell library was empty.

Dungeon Overview and Level Annotations

Branches:
Dungeon (0/15)

Altars:


Message History

2 foxfires come into view.
The will-o-the-wisp blinks!
Found a scroll labelled IHAEPR UNLA.
There is a gateway leading deeper into the Abyss here.
You plunge deeper into the Abyss.
Found a ring mail.
Found 23 arrows.
An orange demon comes into view.
The orange demon screeches!
Found a scroll labelled GEOQ ZENU JUOCH.
Found a glowing mace.
Found 57 gold pieces.
A tentacled starspawn comes into view.
You see here a +4 mace.
Found a great sword.
You see here a scroll labelled GEOQ ZENU JUOCH.
c - a scroll labelled GEOQ ZENU JUOCH
As you read the scroll labelled GEOQ ZENU JUOCH, it crumbles to dust.
You hear a loud clanging noise!
It was a scroll of noise.
The orange demon misses you.
A tentacle flies out from the starspawn's body!
A starspawn tentacle comes into view.
The starspawn tentacle grabs you. The starspawn tentacle constricts you.
A starspawn tentacle comes into view.
You escape the starspawn tentacle's grasp.
The starspawn tentacle grabs you. The starspawn tentacle constricts you.
The starspawn tentacle's grasp on you weakens, but your attempt to escape fails.
The starspawn tentacle loses its grip on you.
The tentacle pulls you backwards!
A starspawn tentacle segment comes into view.
The starspawn tentacle grabs you. The starspawn tentacle constricts you.
The orange demon stings you from afar.
A starspawn tentacle segment comes into view.
The starspawn tentacle's grasp on you weakens, but your attempt to escape fails.
The starspawn tentacle loses its grip on you.
The tentacle pulls you backwards!
A starspawn tentacle segment comes into view.
The orange demon stings you!
Ouch! That really hurt!
You die...

#. .#.#. ... ##.
.#..# ... ... ....
... #.. #..# ..#
.##..##..##..##.
.............)..
................
..##..##.w##..##.
.##..##@X##..##.
........4.......
................ #
.##$.##..##..##..##
..##..##..##..##....
# . ................
#.### ..........
.......#.#..
..##..##).##..##....
. ## #.. #..# .. #..
.# ...


You could see a tentacled starspawn, an orange demon and a starspawn tentacle.

Vanquished Creatures (others)
  2 foxfires (Abyss:1)
  A starspawn tentacle (Abyss:2)
3 creatures vanquished.

Notes
Turn   | Place    | Note
-------+----------+-------------------------------------------
     0 | Abyss:1  | meatgazer the Demonspawn Abyssal Knight began the quest for
                  | the Orb.
     0 | Abyss:1  | Reached XP level 1. HP: 18/18 MP: 2/2
    68 | Abyss:1  | Noticed a will-o-the-wisp
    97 | Abyss:2  | Noticed an orange demon
   118 | Abyss:2  | Noticed a tentacled starspawn
   131 | Abyss:2  | Mangled by an orange demon

Illustrated notes

Levels and vault maps discovered:
Abyss:2:  base:
Temple

Action                   || total
-------------------------++-------
  Use: Scroll            ||     1
Dodge: Dodged            ||     1

Table legend: (Time is in decaauts)
 A = Elapsed time spent in this place.
 B = Non-inter-level travel time spent in this place.
 C = Inter-level travel time spent in this place.
 D = Time resting spent in this place.
 E = Time spent auto-exploring this place.
 F = Levels seen in this place.
 G = Mean time per level.
                   A        B        C        D        E       F      G
               +--------+--------+--------+--------+--------+-----+--------+
         Total |    130 |    130 |      0 |      0 |     78 |   2 |   65.0 |
         Abyss |    130 |    130 |      0 |      0 |     78 |   2 |   65.0 |
               +--------+--------+--------+--------+--------+-----+--------+

Top non-repeatable levels by time:
 Abyss:1: 83 daAuts
 Abyss:2: 47 daAuts
